 Dungeon Crawl Stone Soup version 0.26.1-2-gb8aa6d0cf2 (webtiles) character file.

Game seed: 13217076210462241024

233 vatarom the Ruffian (level 5, -14/37 HPs)
             Began as a Draconian Transmuter on Feb 15, 2021.
             Was an Initiate of Ru.
             Killed by divine providence
             ... invoked by an orc priest
              (17 damage)
             ... on level 4 of the Dungeon.
             The game lasted 00:06:11 (3919 turns).

vatarom the Ruffian (Draconian Transmuter)          Turns: 3919, Time: 00:06:12

Health: -14/37     AC:  2    Str: 13    XL:     5   Next: 75%
Magic:  2/8        EV: 23    Int: 13    God:    Ru [......]
Gold:   169        SH:  0    Dex: 17    Spells: 0/8 levels left

rFire    . . .     SeeInvis .     - Unarmed
rCold    . . .     Faith    .   (shield currently unavailable)
rNeg     . . .     Spirit   .   (armour unavailable)
rPois    x         Reflect  .   (helmet currently unavailable)
rElec    .         Harm     .   (cloak currently unavailable)
rCorr    .         Rampage  .   (gloves currently unavailable)
Will     .....                  (boots currently unavailable)
Stlth    ++........             (no amulet)
HPRegen  0.12/turn              v - +4 ring of evasion
MPRegen  0.11/turn              (no ring)

@: brilliant, spider-form, very slightly contaminated
A: tiny, unfitting armour, frail 1, MP-powered wands, AC +5
a: End Transformation, Renounce Religion


You were on level 4 of the Dungeon.
You worshipped Ru.
Ru was noncommittal.
You were a venomous arachnid creature.
You visited 1 branch of the dungeon, and saw 4 of its levels.

You collected 169 gold pieces.

Inventory:

Missiles
 a - 13 poisoned darts
 c - 2 boomerangs
Armour
 g - a +2 hat (melded)
 j - a +1 cloak (melded)
Jewellery
 f - an uncursed ring of fire
 v - a +4 ring of evasion (left front leg)
Wands
 r - a wand of paralysis (10)
 t - a wand of enslavement (7)
Scrolls
 b - a scroll of noise {unknown}
 d - 2 scrolls of remove curse {@r2}
 k - 2 scrolls of teleportation {@r3}
 m - 3 scrolls of amnesia
 o - a scroll of magic mapping
 u - 2 scrolls of identify {@r1}
Potions
 e - a potion of cancellation {unknown}
 h - 2 potions of flight {unknown}
 i - a potion of degeneration {unknown}
 l - a potion of ambrosia {unknown}
 n - 2 potions of brilliance {@q6}
 p - a potion of lignification {unknown}
 q - a potion of curing {unknown}
 s - a potion of invisibility {unknown}


   Skills:
 + Level 2.5 Fighting
 - Level 1.7 Dodging
 * Level 4.7 Unarmed Combat
 - Level 2.0 Spellcasting
 * Level 4.0 Transmutations
 - Level 1.0 Poison Magic


You couldn't memorise any spells.
You knew the following spells:

 Your Spells              Type           Power        Failure   Level
a - Beastly Appendage     Tmut           34%          14%         1
b - Spider Form           Tmut/Pois      5%           47%         3
c - Ice Form              Ice/Tmut       9%           88%         4

Your spell library contained the following spells:

 Spells                   Type           Power        Failure   Level
 Wereblood                Tmut           17%          21%         2
 Blade Hands              Tmut           8%           92%         5


Dungeon Overview and Level Annotations

Branches:
Dungeon (4/15)
 Temple: D:4-7

Altars:
Elyvilon
Ru
Xom
Zin


Innate Abilities, Weirdness & Mutations

((Your plain brown scales are hard. (AC +5)))
You cannot fit into any form of body armour.
((You are cold-blooded and may be slowed by cold attacks.))
You are frail. (-10% HP)
You expend magic power (3 MP) to strengthen your wands.


Message History

Unknown command.
You hit the orc priest but do no damage.
The orc priest is poisoned.
The orc priest mumbles some strange prayers to Beogh against you.
Pain shoots through your body! The orc wizard completely misses you.
You hit the orc priest.
The orc priest looks as sick as possible!
The orc priest is lightly wounded.
You kill the orc wizard!
The orc completely misses you.
The orc priest invokes the aid of Beogh against you.
Beogh smites you!
* * * LOW HITPOINT WARNING * * *
Your Transmutations skill increases to level 4!
It was a potion of brilliance.
You feel clever all of a sudden. The orc completely misses you.
The orc priest invokes the aid of Beogh against you.
Beogh smites you!
You die...

...........#.
#.........#.
#.........#.
########.........##
#.............).##
#..............##
#........#######
#).......#
#.s......#
#.oo.....#
..........#
#####.......
#....... .......
....... .......


You could see an orc priest (extremely poisoned) and an orc.

Vanquished Creatures
  An orc wizard (D:4)
  A bullfrog skeleton (D:4)
  6 adders
  4 oozes
  An adder skeleton (D:4)
  5 worms (D:2)
  3 dart slugs
  3 leopard geckos
  6 orcs
  10 bats
  3 giant cockroaches
  11 goblins
  3 hobgoblins
  10 kobolds
  6 frilled lizards
  A leopard gecko skeleton (D:4)
  8 rats
82 creatures vanquished.

Notes
Turn   | Place    | Note
-------+----------+-------------------------------------------
     0 | D:1      | vatarom the Draconian Transmuter began the quest for the
                  | Orb.
     0 | D:1      | Reached XP level 1. HP: 16/16 MP: 3/3
    77 | D:1      | Reached XP level 2. HP: 8/23 MP: 3/5
   564 | D:1      | Reached XP level 3. HP: 23/28 MP: 4/6
   939 | D:1      | Learned a level 3 spell: Spider Form
  1250 | D:1      | Gained mutation: You are frail. (-10% HP) [potion of
                  | mutation]
  1250 | D:1      | Gained mutation: You expend magic power (3 MP) to
                  | strengthen your wands. [potion of mutation]
  1369 | D:2      | Reached skill level 1 in Poison Magic
  1761 | D:2      | Reached XP level 4. HP: 31/31 MP: 5/7
  2249 | D:2      | Found a white marble altar of Elyvilon.
  2957 | D:3      | Reached XP level 5. HP: 32/36 MP: 6/8
  2962 | D:3      | Learned a level 4 spell: Ice Form
  3014 | D:3      | Found a glowing silver altar of Zin.
  3029 | D:3      | Found a sacrificial altar of Ru.
  3038 | D:3      | Became a worshipper of Ru the Awakened
  3043 | D:3      | Found a shimmering altar of Xom.
  3919 | D:4      | Killed from afar by an orc priest

Illustrated notes

Levels and vault maps discovered:
D:1:      dpeg_arrival_subterranean_lakeside_camping, layout_basic,
          serial_forest, infiniplex_forest_fountain,
          infiniplex_forest_lined_ring, infiniplex_forest_clump_medium,
          infiniplex_forest_straight_1, infiniplex_forest_straight_4
D:2:      layout_loops_corners, general_overflow_altar
D:3:      layout_loops_ring, minmay_overflow_temple_star_quad
D:4:      layout_basic, amethyst_overflow_temple_binary,
          minmay_temple_entry_nine_rooms

Skill      XL: |  1  2  3  4  5 |
---------------+----------------+-----
Transmutations | 3 4 |  4.0
Poison Magic   | 1 |  1.0
Unarmed Combat | 4 |  4.7
Fighting       | 2 |  2.5
Dodging        | |  1.7
Spellcasting   | |  2.0

Action                   |  1- 3 |  4- 6 || total
-------------------------+-------+-------++-------
Melee: Unarmed           |   135 |   121 ||   256
       Kick              |    14 |    10 ||    24
       Tailslap          |    11 |     8 ||    19
       Headbutt          |     5 |    14 ||    19
 Cast: Beastly Appendage |    22 |    17 ||    39
       Spider Form       |       |     2 ||     2
Evoke: Wand              |       |     1 ||     1
  Use: Potion            |     2 |     1 ||     3
       Scroll            |       |     8 ||     8
 Stab: Sleeping          |     1 |     1 ||     2
       Betrayed ally     |       |     1 ||     1
Armor: Skin              |    46 |    33 ||    79
Dodge: Dodged            |    87 |    61 ||   148
